Map: Cyber Forest LE

Players

NutFalcon - Winner!

  • Race: Zerg Zerg
  • League: Diamond
  • Spawn Location: 5:00

NextByuN

  • Race: Terran Terran
  • League: Diamond
  • Spawn Location: 11:00

VOD

Have the link to the VOD?

Description

"lol trash all in players" speaking of the idras perfect game people. lol
for the memes

Time

  • Played on: March 26, 2019, 11:18 p.m.
  • Length: 5:33
Show
View Real Time Build Order
Export as new Build Order

NutFalcon Zerg - Winner!

Build Orders: Hatch First, Zergling Baneling 

Get SALT Encoding   

  12  0:01  Drone  
  13  0:12  Overlord  
  13  0:18  Drone  
  14  0:31  Drone x2  
  16  0:39  Drone  
  17  0:54  Hatchery  
  16  0:57  Drone  
  16  1:01  Extractor  
  16  1:13  Spawning Pool  
  16  1:16  Drone  
  16  1:29  Overlord  
  16  1:41  Drone x2  
  16  1:42  Drone  
  19  2:01  Metabolic Boost  
  19  2:02  Queen  
  19  2:07  Queen  
  23  2:21  Baneling Nest  
  22  2:25  Drone  
  22  2:26  Drone x2  
  22  2:28  Drone  
  26  2:47  Zergling x8  
  26  2:49  Overlord  
  30  3:03  Zergling x4  
  32  3:13  Zergling x2  
  32  3:14  Zergling x2  
  32  3:15  Overlord  
  32  3:16  Zergling x6  
  32  3:17  Zergling x2  
  38  3:28  Zergling x6  
  38  3:33  Baneling x6  
  38  3:34  Baneling  
  41  3:35  Baneling  
  41  3:38  Zergling x2  
  41  3:40  Zergling x2  
  38  4:12  Zergling x4  
  38  4:13  Zergling x14  
  38  4:14  Zergling x6  
  42  4:34  Baneling x6  
  42  4:35  Zergling x8  
  45  4:41  Baneling  
  45  4:47  Zergling x4  
  38  5:14  Zergling x6  
  38  5:15  Zergling x12  
Show
View Real Time Build Order
Export as new Build Order

NextByuN Terran 

Build Orders: Reaper Expand 

Get SALT Encoding   

  12  0:00  SCV  
  13  0:12  SCV  
  14  0:17  Supply Depot  
  14  0:25  SCV  
  15  0:38  SCV, Refinery  
  16  0:44  Barracks  
  16  0:50  SCV  
  17  1:02  SCV  
  18  1:21  SCV  
  19  1:31  Reaper  
  20  1:33  Orbital Command  
  20  1:43  Command Center  
  20  1:58  SCV  
  20  1:59  Factory  
  21  2:11  Supply Depot  
  21  2:12  Refinery  
  21  2:14  SCV  
  22  2:26  SCV  
  23  2:36  Factory  
  23  2:38  SCV  
  24  2:47  Hellion  
  24  2:49  Barracks Tech Lab  
  24  2:50  SCV  
  27  2:58  Orbital Command  
  27  3:02  Supply Depot  
  27  3:08  SCV  
  28  3:19  Cyclone  
  31  3:20  Factory Reactor, SCV  
  31  3:24  SCV  
  32  3:33  Supply Depot  
  32  3:35  SCV  
  33  3:41  Supply Depot  
  33  3:42  SCV  
  34  3:51  Engineering Bay  
  34  3:55  Engineering Bay  
  34  4:00  SCV  
  34  4:02  Supply Depot  
  34  4:11  SCV  
  34  4:13  Hellion  
  24  4:18  SCV  
  25  4:25  SCV  
  26  4:35  SCV  
  27  4:46  SCV  
  27  4:51  SCV  
  29  4:58  Supply Depot, SCV  
  30  5:03  SCV  
  31  5:08  Supply Depot  
  31  5:11  SCV  
  28  5:15  SCV  
Tags
 
Add a new tag
Caveats
  • Supply blocks, unpowered buildings, or Contaminate may cause inaccurate times.
  • Supply counts are checked every 10 seconds.